AoeStats
← Mike Hawks Harry

Black Forest

510165441Analyzed
3v3 RM · 4d ago on Sep 29, 2026· 60m 52s· 6 players
Game mode
Random Map
Map size
Normal (6 player)
Population
200
Speed
Normal
Resources
Standard
Victory
Conquest
Starting age
Dark Age
Ending age
Imperial Age
RankedLock teamsTeams togetherTeam positionsShared explorationLock speedFull tech treeHidden civsTurbo modeCheats
Victory
Defeat
🇦🇹 Lithuanians · Austria
1469
+18
🇦🇹 Britons · Austria
1437
+19
🇦🇹 Romans · Austria
1386
+21
🇹🇷 Mongols · Türkiye
1518
-20
🇹🇷 Japanese · Türkiye
1517
-20
🇹🇷 Bohemians · Türkiye
1473
-18
obezitekaan
5:05 Loom
10:59 Feudal Age
11:00 Man-at-Arms
12:53 Arson
14:58 Double-Bit Axe
19:10 Castle Age
17:33 Horse Collar
20:28 Bow Saw
20:19 Heavy Plow
20:05 Pikeman
25:11 Fletching
25:25 Stone Mining
25:59 Bodkin Arrow
31:24 Wheelbarrow
30:58 Gold Mining
33:55 Imperial Age
32:16 Ballistics
32:29 Yasama
32:26 Pikeman
33:07 Squires
33:08 Scale Mail Armor
33:49 Gambesons
35:00 Gold Shaft Mining
34:51 Chain Mail Armor
34:46 Forging
35:23 Kataparuto
34:53 Halberdier
36:26 Plate Mail Armor
37:31 Two-Man Saw
41:14 Iron Casting
42:18 Conscription
41:57 Elite Samurai
42:59 Conscription
44:20 Bracer
45:21 Blast Furnace
45:15 Hand Cart
47:43 Guard Tower
50:46 Keep
51:32 Padded Archer Armor
52:34 Chemistry
53:56 Elite Skirmisher
54:42 Thumb Ring
59:43 Long Swordsman
OUTPOST ENJOYER
4:54 Loom
10:45 Feudal Age
15:04 Castle Age
13:38 Fletching
15:03 Horse Collar
15:13 Double-Bit Axe
16:35 Bow Saw
18:35 Wheelbarrow
20:02 Crossbowman
20:54 Bodkin Arrow
22:01 Padded Archer Armor
25:06 Heavy Plow
25:23 Hand Cart
26:12 Town Watch
31:16 Thumb Ring
31:39 Stone Mining
34:39 Imperial Age
32:11 Gold Mining
33:57 Ballistics
35:20 Gold Shaft Mining
34:44 Murder Holes
35:06 Leather Archer Armor
35:09 Capped Ram
36:17 Siege Engineers
37:50 Bracer
38:51 Chemistry
37:54 Husbandry
38:04 Bloodlines
39:08 Stone Shaft Mining
39:00 Drill
39:06 Masonry
39:35 Conscription
39:23 Elite Mangudai
40:37 Scale Barding Armor
40:43 Forging
40:45 Siege Ram
42:30 Fortified Wall
43:51 Caravan
44:22 Coinage
43:21 Onager
44:55 Siege Onager
46:49 Parthian Tactics
49:20 Banking
49:19 Light Cavalry
Kuaför Sabit Akkaya
10:49 Feudal Age
11:18 Loom
16:30 Castle Age
16:46 Double-Bit Axe
23:53 Horse Collar
24:24 Bow Saw
25:15 Heavy Plow
26:12 Wheelbarrow
29:44 Town Watch
30:33 Fervor
30:43 Hand Cart
37:03 Imperial Age
35:59 Chemistry
35:12 Fletching
35:22 Padded Archer Armor
37:20 Bodkin Arrow
37:40 Leather Archer Armor
38:31 Masonry
39:01 Bracer
39:32 Elite Skirmisher
51:50 Two-Man Saw
53:24 Ballistics
53:17 Fortified Wall
53:30 Ballistics
56:44 Scale Mail Armor
56:28 Pikeman
57:09 Squires
58:55 Forging
59:01 Chain Mail Armor
Mike Hawks Veiny
10:23 Feudal Age
14:22 Castle Age
12:12 Double-Bit Axe
12:11 Horse Collar
14:54 Scale Barding Armor
19:57 Bow Saw
26:55 Wheelbarrow
25:43 Light Cavalry
26:35 Bloodlines
27:50 Husbandry
28:01 Heavy Plow
27:53 Stone Mining
29:00 Hand Cart
32:45 Loom
36:00 Imperial Age
33:53 Chain Barding Armor
34:30 Forging
35:17 Gold Mining
36:03 Stone Shaft Mining
36:32 Iron Casting
36:05 Elite Leitis
36:11 Elite Leitis
36:32 Elite Leitis
37:33 Conscription
37:53 Plate Barding Armor
37:35 Winged Hussar
45:30 Coinage
46:57 Fletching
46:30 Capped Ram
47:16 Caravan
48:43 Banking
48:51 Bodkin Arrow
49:19 Ballistics
50:38 Chemistry
49:09 Elite Skirmisher
49:55 Thumb Ring
49:53 Bracer
49:54 Padded Archer Armor
53:31 Hill Forts
53:36 Tower Shields
60:24 Two-Man Saw
59:57 Crop Rotation
Mike Hawks Krusty
1:26 Loom
10:55 Feudal Age
14:13 Fletching
18:26 Horse Collar
25:34 Castle Age
23:42 Stone Mining
23:59 Town Watch
24:21 Gold Mining
25:50 Double-Bit Axe
36:24 Imperial Age
35:38 Bow Saw
35:50 Bodkin Arrow
37:46 Gold Shaft Mining
37:43 Bracer
39:06 Ballistics
40:09 Conscription
43:09 Chemistry
43:48 Padded Archer Armor
44:44 Elite Longbowman
47:29 Leather Archer Armor
47:45 Yeomen
49:20 Wheelbarrow
50:46 Ring Archer Armor
Mike Hawks Harry
1:09 Loom
8:59 Feudal Age
9:16 Man-at-Arms
12:12 Scale Mail Armor
14:41 Double-Bit Axe
19:41 Castle Age
19:39 Horse Collar
21:15 Wheelbarrow
21:02 Bow Saw
21:38 Town Watch
26:59 Hand Cart
26:46 Heavy Plow
28:44 Gold Mining
30:18 Gold Shaft Mining
34:31 Imperial Age
32:17 Caravan
32:54 Coinage
33:12 Squires
32:33 Long Swordsman
33:29 Chain Mail Armor
33:25 Forging
33:39 Fletching
35:44 Iron Casting
34:33 Legionary
34:47 Capped Ram
35:40 Siege Engineers
36:36 Chemistry
35:45 Siege Ram
36:50 Conscription
37:47 Blast Furnace
38:33 Scale Barding Armor
38:51 Comitatenses
39:56 Banking
40:04 Chain Barding Armor
41:40 Crop Rotation
42:24 Elite Centurion
43:18 Bodkin Arrow
43:56 Ballistics
44:14 Padded Archer Armor
43:35 Elite Skirmisher
46:20 Leather Archer Armor
47:14 Plate Barding Armor
47:48 Ballistas
51:51 Ring Archer Armor
51:23 Murder Holes
51:39 Fortified Wall
51:20 Guard Tower
55:35 Bloodlines
55:25 Husbandry
Connection lost

Rejoining the realm…

Still unreachable

The connection could not be restored.

Session expired

The server has moved on; the page needs a fresh start.